Match 42744942
Unlisted

Match 42744942
End
Construct Infanterie Kompanie
Selects Luftwaffe Battlegroup
Grenadier Squad
Selects Luftwaffe Pioneer Support
MG 42 Machine Gun Team
Grenadier Squad
Fallschirmpioneer Squad Paradrop
Construct Luftwaffe Kompanie
Selects LG40 Recoilless Gun Paradrop
Fallschirmpioneer Squad Paradrop
221 Scout Car
Infanterie Officer Quarters
Support Elements
Selects Stuka Strafing Run
Selects Fallschirmjäger Squad Paradrop
Fallschirmjäger Squad Paradrop
Construct Panzergrenadier Kompanie
Nebelwerfer 42 Rocket Launcher Team
StuG III G Assault Gun
StuG III G Assault Gun
Medical Station
Side Skirts
MG 42 Bunker
Stuka Strafing Run
Selects Stuka Loiter
Stuka Strafing Run
Construct Panzer Kompanie
Panzergrenadier Officer Quarters
Selects Flak 36 Anti-tank Gun Emplacement
Panzer IV Medium Tank
StuG III G Assault Gun
MG 42 Bunker
Sturmpanzer IV Brummbär
MG 42 Bunker
Pak 40 Anti-tank Gun Team
Wirbelwind Flakpanzer
MG 42 Bunker
MG 42 Bunker
Luftwaffe Officer Quarters
Stuka Strafing Run
Fallschirmjäger Squad Paradrop
Anakin Jared
[TB] Pvt. Mike
DMusicMan
~TAB~ THUND3RCHUNKY
0
0

Comments sign in to comment!

No comments posted yet!